 Dungeon Crawl Stone Soup version 0.21-a0-156-g77413b7 (webtiles) character file.

1233 Lunath the Basher (level 8, -2/52 HPs)
             Began as a Gargoyle Gladiator on Aug 3, 2017.
             Was an Initiate of Okawaru.
             Killed from afar by a steam dragon (18 damage)
             ... with a ball of steam
             ... on level 6 of the Dungeon.
             The game lasted 00:12:45 (5062 turns).

Lunath the Basher (Gargoyle Gladiator)              Turns: 5062, Time: 00:12:46

Health: -2/52      AC: 19    Str: 20    XL:     8   Next: 48%
Magic:  8/8        EV:  8    Int:  9    God:    Okawaru [......]
Gold:   412        SH:  0    Dex: 11    Spells: 7/7 levels left

rFire    . . .     SeeInvis .   a - +0 flail
rCold    . . .     Gourm    .   (no shield)
rNeg     + . .     Faith    .   m - +0 chain mail
rPois    ∞         Spirit   .   c - +1 helmet
rElec    +         Reflect  .   y - +0 cloak
rCorr    .         Harm     .   (no gloves)
MR       +....                  k - +2 pair of boots
Stlth    ..........             (no amulet)
HPRegen  0.17/turn              F - ring of protection from magic
MPRegen  0.11/turn              B - +1 ring of slaying

@: no status effects
A: negative energy resistance 1, electricity resistance, unbreathing,
petrification resistance, rot immunity, AC +5
a: Renounce Religion


You were on level 6 of the Dungeon.
You worshipped Okawaru.
Okawaru was noncommittal.
You were hungry.

You visited 2 branches of the dungeon, and saw 7 of its levels.

You collected 412 gold pieces.

Inventory:

Hand Weapons
 a - a +0 flail (weapon)
Missiles
 d - 3 throwing nets (quivered)
Armour
 c - a +1 helmet (worn)
 k - a +2 pair of boots (worn)
 m - a +0 chain mail (worn)
 y - a +0 cloak (worn)
Jewellery
 x - an uncursed ring of magical power
 B - a +1 ring of slaying (right hand)
 C - a +4 ring of strength
 F - a ring of protection from magic (left hand)
Wands
 q - a wand of paralysis (4/24)
Scrolls
 e - 6 scrolls of teleportation
 h - 6 scrolls of remove curse
 l - 2 scrolls of amnesia
 o - 4 scrolls of identify
 z - 3 scrolls of magic mapping
 A - 2 scrolls of enchant armour
 G - a scroll of recharging
Potions
 b - a potion of brilliance
 g - a potion of ambrosia
 i - 3 potions of degeneration {unknown}
 n - a potion of magic {unknown}
 r - 3 potions of mutation {unknown}
 s - 3 potions of haste {unknown}
 t - 2 potions of curing {unknown}
 u - a potion of lignification {unknown}
 v - 2 potions of invisibility {unknown}
 w - a potion of heal wounds {unknown}
 D - a potion of agility {unknown}
Comestibles
 f - 5 bread rations
 j - 7 meat rations
 p - a royal jelly


   Skills:
 + Level 6.4 Fighting
 * Level 8.8 Maces & Flails
 - Level 1.7 Throwing
 - Level 2.4 Dodging


You had 7 spell levels left.
You didn't know any spells.

Dungeon Overview and Level Annotations

Branches:
Dungeon (6/15)             Temple (1/1) D:4

Altars:
Ashenzari
Cheibriados
Dithmenos
Elyvilon
Fedhas
Gozag
Kikubaaqudgha
Makhleb
Nemelex Xobeh
Okawaru
Qazlal
Ru
Sif Muna
Trog
Vehumet
Wu Jian
Xom
Yredelemnul
Zin
The Shining One

Shops:
D:4 =


Innate Abilities, Weirdness & Mutations

You are resistant to torment.
Your stone body is resilient. (AC +5)
You are immune to poison.
You resist negative energy. (rN+)
You are resistant to electric shocks. (rElec)
You can survive without breathing.
You are immune to petrification.
You are immune to rotting.


Message History

The steam dragon bites you.
* * * LOW HITPOINT WARNING * * *
The steam dragon claws you but does no damage.
You barely miss the steam dragon.
The steam dragon is moderately wounded.
The steam dragon barely misses you.
The steam dragon claws you but does no damage.
You sock the steam dragon!
The steam dragon is severely wounded.
The steam dragon bites you but does no damage.
The steam dragon closely misses you.
You hit the steam dragon but do no damage.
The steam dragon is severely wounded.
The steam dragon bites you but does no damage.
The steam dragon misses you.
Your chain mail prevents you from hitting the steam dragon.
The steam dragon is severely wounded.
The steam dragon breathes steam at you. The ball of steam hits you!
You die...

..... .... #### ... ##P^P##..
##.PPP.#. #######
#.#P....≈≈#########≈PP.≈≈
..#^....D.≈PP..P≈.≈...... #.
#.#.....@..........PP^≈≈^ .....
#.##....≈.PP.≈≈.#######.≈ .....
###.##≈≈.)≈^##########..###
.....##...####PP###............ #
..........#######............####
................#................
....>.....#####.............##...
........<.# ####..#'#...>.#...#
..........# #.#..#.#.....##.##


You could see a steam dragon.

Vanquished Creatures
  Grinder (D:3)
  Menkaure (D:4)
  An ogre (D:5)
  3 big kobolds (D:2)
  A scorpion (D:5)
  2 orc priests (D:4)
  2 hounds
  A bullfrog skeleton (D:5)
  Ijyb (D:3)
  Natasha (twice) (D:3)
  2 worker ants (D:4)
  A howler monkey zombie (D:6)
  A worker ant zombie (D:5)
  7 gnolls
  4 adders
  An ooze (D:3)
  9 worms
  2 dart slugs
  2 leopard geckos
  6 orcs
  5 giant cockroaches
  36 goblins
  26 hobgoblins
  2 jackals (D:1)
  3 quokkas
  8 bats
  7 frilled lizards
  10 kobolds
  3 rats
150 creatures vanquished.

Vanquished Creatures (others)
  A leopard gecko (D:3)
1 creature vanquished.

Grand Total: 151 creatures vanquished

Notes
Turn   | Place    | Note
-------+----------+-------------------------------------------
     0 | D:1      | Lunath the Gargoyle Gladiator began the quest for the Orb.
     0 | D:1      | Reached XP level 1. HP: 12/12 MP: 1/1
    56 | D:1      | Reached XP level 2. HP: 13/17 MP: 2/2
   595 | D:2      | Reached skill level 4 in Maces & Flails
   595 | D:2      | Reached XP level 3. HP: 22/22 MP: 3/3
   906 | D:2      | Reached XP level 4. HP: 27/27 MP: 4/4
  1539 | D:3      | Noticed Ijyb
  1550 | D:3      | Paralysed by Ijyb for 2 turns
  1557 | D:3      | Killed Ijyb
  1653 | D:3      | Noticed Grinder
  1655 | D:3      | Noticed Natasha
  1661 | D:3      | Killed Grinder
  1661 | D:3      | Reached skill level 6 in Maces & Flails
  1661 | D:3      | Reached XP level 5. HP: 29/33 MP: 5/5
  1661 | D:3      | Reached XP level 6. HP: 33/38 MP: 6/6
  1669 | D:3      | Killed Natasha
  1718 | D:3      | Noticed Natasha
  1733 | D:3      | Killed Natasha
  2182 | D:2      | Reached XP level 7. HP: 39/44 MP: 7/7
  2190 | D:2      | Reached skill level 5 in Fighting
  2196 | D:2      | Reached skill level 7 in Maces & Flails
  3082 | D:4      | Noticed Menkaure
  3094 | D:4      | Killed Menkaure
  3094 | D:4      | Reached XP level 8. HP: 26/51 MP: 8/8
  3263 | D:4      | Reached skill level 8 in Maces & Flails
  3297 | D:4      | Found Meth's Jewellery Shop.
  3429 | D:4      | Found a shattered altar of Ashenzari.
  3704 | D:4      | Found a blossoming altar of Fedhas.
  3920 | D:4      | Found a staircase to the Ecumenical Temple.
  3926 | Temple   | Entered the Ecumenical Temple
  4148 | Temple   | Became a worshipper of Warmaster Okawaru
  4295 | D:5      | Entered Level 5 of the Dungeon
  5062 | D:6      | Killed from afar by a steam dragon

Vault maps used:
D:1:      mainiacjoe_arrival_reflecting_pool
D:2:      first_bread
D:3:      minmay_goblin_kobold_castle, uniq_ijyb, uniq_natasha, uniq_grinder
D:4:      grunt_temple_overflow_open, minmay_temple_entry_fiery, serial_shops,
          shop, uniq_menkaure
D:6:      kennysheep_steamy
Temple:   dpeg_five_rooms_temple

Skill      XL: |  1  2  3  4  5  6  7  8 |
---------------+-------------------------+-----
Maces & Flails | 4 6 7 8 |  8.8
Fighting       | 4 5 6 |  6.4
Throwing       | |  1.7
Dodging        | |  2.4

Action                   |  1- 3 |  4- 6 |  7- 9 || total
-------------------------+-------+-------+-------++-------
Melee: Flail             |   153 |   201 |   289 ||   643
Evoke: Wand              |       |     1 |       ||     1
  Use: Scroll            |       |     9 |     2 ||    11
 Stab: Paralysed         |       |     5 |       ||     5
  Eat: Chunk             |       |     4 |     9 ||    13
       Fruit             |       |     1 |       ||     1
Armor: Leather armour    |    18 |       |       ||    18
       Chain mail        |    81 |   213 |   199 ||   493
Dodge: Dodged            |    93 |   133 |   135 ||   361
